 Dungeon Crawl Stone Soup version 0.31-a0-654-gbe3e110b4e (webtiles) character file.

Game seed: 10971276230526899184

4641 spiderkeys the Mimic (level 10, 0/68 HPs)
             Began as an Octopode Shapeshifter on Aug 29, 2023.
             Was an Initiate of Gozag.
             Slain by an unseen horror (8 damage)
             ... on level 7 of the Dungeon.
             The game lasted 00:15:08 (7384 turns).

spiderkeys the Mimic (Octopode Shapeshifter)        Turns: 7384, Time: 00:15:09

Health: 0/68       AC:  1    Str: 17    XL:     10   Next: 43%
Magic:  10/10      EV: 15    Int: 12    God:    Gozag
Gold:   701        SH:  0    Dex: 13    Spells: 9/9 levels left

rFire   . .          .
                       - Unarmed
rCold   . . .        (no shield)
rNeg    . . .        (helmet currently unavailable)
rPois   .            g - amulet of regeneration
rElec   .            (no ring)
rCorr   .            (no ring)
SInv    .            (no ring)
Will    .....        (no ring)
Stlth   ++++         (no ring)
HPRegen 1.11/turn    (no ring)
MPRegen 0.12/turn    (no ring)
                     (no ring)

%: no passive effects
@: beast-form, studying Stealth
A: beast (slay +4), almost no armour, amphibious, 8 rings, camouflage 1,
gelatinous body 1, (nimble swimmer 1), tentacles
a: Begin Untransformation, Renounce Religion, Potion Petition, Call Merchant,
Bribe Branch


You were on level 7 of the Dungeon.
You worshipped Gozag.
Gozag was pleased with you.
You were a hulking beast.
You visited 1 branch of the dungeon, and saw 7 of its levels.
You also visited: Bailey.

You collected 773 gold pieces.
You paid 72 gold pieces to Gozag.


Innate Abilities, Weirdness & Mutations

You are a hulking beast.
Your limbs bulge with bestial killing power. (Slay +4)
You cannot wear most types of armour.
You are amphibious.
You can wear up to eight rings at the same time.
Your skin changes colour to match your surroundings (Stealth+).
Your rubbery body absorbs attacks. (AC +1, EV +1)
((You are camouflaged when in or above water. (Stealth+)))
You have tentacles for arms and can constrict up to eight enemies at once.


   Skills:
 + Level 5.9 Fighting
 + Level 6.2 Dodging
 + Level 5.4 Stealth
 + Level 6.7 Unarmed Combat
 + Level 12.4 Shapeshifting


You had 9 spell levels left.
You didn't know any spells.
Your spell library contained the following spells:

 Spells                   Type           Power      Damage    Failure   Level
 Ensorcelled Hibernation  Hex/Ice        0%         N/A       45%         2
 Passwall                 Tmut/Erth      0%         N/A       45%         2
 Swiftness                Air            0%         N/A       69%         3

Inventory:

Hand Weapons
 v - the +5 mace of Meomuxokk {antimagic, rC- Str+5 Int+8}
   (You found it on level 6 of the Dungeon)

   Str+5:     It affects your strength (+5).
   Int+8:     It affects your intelligence (+8).
   rC-:       It makes you vulnerable to cold.
Missiles
 d - 123 stones
 k - 2 throwing nets {=f!f}
 m - 8 poisoned darts
 t - 8 javelins
 C - 2 boomerangs
Magical Staves
 l - a staff of death {!a}
   (You found it on level 1 of the Dungeon)
Jewellery
 g - an amulet of regeneration (around mantle)
   (You found it on level 4 of the Dungeon)
 o - the amulet of Accord {Reflect +Inv SH+5}
   (You found it on level 2 of the Dungeon)

   [amulet of reflection]

   Reflect:   It reflects blocked missile attacks.
   +Inv:      It lets you turn invisible.
   SH+5:      It affects your SH (+5).
Talismans
 b - a beast talisman (active)
 c - a flux talisman
 y - a serpent talisman
   (You found it on level 6 of the Dungeon)
Scrolls
 e - 3 scrolls of teleportation {@r4}
 f - a scroll of poison {!r}
 i - 5 scrolls of enchant weapon
 q - a scroll of immolation {!r!r}
 u - a scroll of brand weapon {unknown}
 w - a scroll of amnesia
 x - a scroll of acquirement
 z - 2 scrolls of enchant armour
 B - 4 scrolls of summoning
 D - a scroll of torment {unknown}
Potions
 a - a potion of lignification {!q}
 h - 2 potions of attraction {!q}
 j - a potion of degeneration {unknown}
 n - a potion of resistance {unknown}
 p - 2 potions of might {unknown}
 r - 2 potions of magic {unknown}
 s - 6 potions of curing {@q1}
 A - 4 potions of haste {unknown}
 E - a potion of mutation {unknown}

Dungeon Overview and Level Annotations

Branches:
Dungeon (7/15) Zot: 26187  Temple (0/1) D:7          Bailey (visited)

Altars:
Dithmenos
Gozag
Hepliaklqana
Kikubaaqudgha
Okawaru
Qazlal
Ru
Xom
Yredelemnul

#'##..........#,,#....#
...#..........#,,#....#
...#..........####....#
#'##..........#..#....#
...#..........#..#....#
...#..........#..#.)..#
...+..........#..#....#
#+##..........#..#....#
..............#.h#....#
..............#..#....#
..............#..#....#
..............'..#....#
..............####....#
#+##..................#
...#..................#
...#..................#
...#..............#'###


There were no monsters in sight!


Message History

There is an open door here.
Key pressed, stopping explore.
You see here a +0 club.
You now have 685 gold pieces (gained 6).
Things that are here:
a +0 robe; a +0 club You now have 689 gold pieces (gained 4).
You see here a +0 whip.
You now have 695 gold pieces (gained 6).
You see here a +0 spear.
i - 5 scrolls of enchant weapon (gained 1) Key pressed, stopping explore.
You now have 701 gold pieces (gained 6).
You open the door.
There is an open door here.
d - 112 stones (gained 5)
You open the door.
There is an open door here.
You open the door. You open the door.
There is an open door here.
There is an open door here.
There is an open door here.
You open the door.
Found a stone staircase leading down.
There is an open door here.
You see here a +0 plate armour.
You open the door.
There is an open door here.
You open the door.
There is an open door here.
You open the door.
There is an open door here.
Key pressed, stopping explore.
There is an open door here.
As you open the door, it creaks loudly!
There is an open door here.
There is a large open door here.
Key pressed, stopping explore.
d - 117 stones (gained 5)
Found a stormy altar of Qazlal and a sacrificial altar of Ru.
d - 123 stones (gained 6)
There is a large open door here.
Key pressed, stopping explore.
There is an open door here.
Key pressed, stopping explore.
You open the door.
There is an open door here.
There is a strange disturbance nearby!
There is a strange disturbance nearby!
There is a strange disturbance nearby!
There is a strange disturbance nearby!
No target in view!
No target in view!
No target in view!
No target in view!
Something hits you!
Deactivating autopickup; reactivate with Ctrl-A. 😕 HP[-10]
You take 10 damage, and now have 58/68 hp.
You miss something. Your squeeze misses something.
Something barely misses you. 😕 HP[+1]
Something hits you! 😮 HP[-8]
You take 8 damage, and now have 51/68 hp.
Something barely misses you. 😕 HP[+1]
Something hits you. 😮 HP[-4]
You take 4 damage, and now have 48/68 hp.
Something hits you! 😮 HP[-8]
You take 8 damage, and now have 40/68 hp.
You tentacle-slap something. Your squeeze misses something.
Something hits you. 😮 HP[-1]
You take 1 damage, and now have 39/68 hp.
Something hits you!
* * * LOW HITPOINT WARNING * * *
😨 HP[-7]
You take 7 damage, and now have 32/68 hp.
You tentacle-slap something. You squeeze something. Something hits you!
* * * LOW HITPOINT WARNING * * *
😨 HP[-6]
You take 6 damage, and now have 26/68 hp.
Something hits you.
* * * LOW HITPOINT WARNING * * *
Something hits you!
* * * LOW HITPOINT WARNING * * *
Something barely misses you. 😱 HP[-12]
You take 12 damage, and now have 14/68 hp.
You tentacle-slap something but do no damage.
Something hits you!
* * * LOW HITPOINT WARNING * * *
😱 HP[-7]
You take 7 damage, and now have 7/68 hp.
You completely miss something. Your squeeze misses something.
Something hits you!
You die...
Your body crumbles into a pile of gold.

Skill      XL: |  1  2  3  4  5  6  7  8  9 10 |
---------------+-------------------------------+-----
Fighting       | 2 3 4 5 |  5.9
Dodging        | 3 4 5 6 |  6.2
Unarmed Combat | 4 5 6 |  6.7
Shapeshifting  | 4 5 12 | 12.4
Stealth        | 2 3 5 |  5.4

Action                     |  1- 3 |  4- 6 |  7- 9 | 10-12 || total
---------------------------+-------+-------+-------+-------++-------
  Melee: Unarmed           |    74 |    75 |   153 |    80 ||   382
         Constrict         |    19 |    17 |    29 |    19 ||    84
         Tentacles         |     8 |    13 |    37 |    18 ||    76
         Punch             |     2 |     2 |     9 |     3 ||    16
  Throw: Dart              |       |       |     4 |       ||     4
         Javelin           |       |       |     2 |       ||     2
Ability: Begin Untransform |       |       |       |     2 ||     2
    Use: Potion            |       |     2 |     4 |     2 ||     8
         Scroll            |       |       |    12 |       ||    12
   Stab: Sleeping          |     1 |    11 |     4 |       ||    16
 Armour: Skin              |     3 |     5 |     9 |     1 ||    18
  Dodge: Dodged            |    59 |    47 |   115 |    44 ||   265
  Block: Other             |       |    10 |    23 |     9 ||    42
   Form: Beast             |       |       |       |     1 ||     1
         Flux              |       |       |       |     1 ||     1

Levels and vault maps discovered:
D:1:      minmay_arrival_shattered_statue, layout_basic
D:2:      layout_basic, st_stairs_13
D:3:      kennysheep_big_flooded_room, layout_loops_ring, lemuel_round_altar,
          serial_co_window_serial, co_window_paths_a, co_window_paths_a,
          co_window_paths_a, co_window_paths_a, co_window_paths_b,
          co_window_paths_b, co_window_corner_a, co_window_of_opportunity_b,
          co_window_paths_c, co_window_unsneaky_path_b
D:4:      layout_basic, mainiacjoe_overflow_24_doors,
          hangedman_abyss_or_decor_passed, uniq_menkaure
D:5:      layout_rooms, kennysheep_little_box
D:6:      layout_rooms, minmay_manual_moon
D:7:      layout_gridville, minmay_overflow_temple_hex,
          minmay_temple_entry_glass, enter_bailey_8, amethyst_killhole

Notes
Turn   | Place    | Note
-------+----------+-------------------------------------------
     0 | D:1      | spiderkeys the Octopode Shapeshifter began the quest for
                  | the Orb.
     0 | D:1      | Reached XP level 1. HP: 13/13 MP: 1/1
     0 | D:1      | magus.rc [v1.11.6]
   140 | D:1      | Reached XP level 2. HP: 17/18 MP: 2/2
   316 | D:1      | HP: 4/18 [quokka (4)]
   330 | D:1      | Reached XP level 3. HP: 7/23 MP: 3/3
  1141 | D:2      | Noticed a phantom
  1147 | D:2      | Killed a phantom
  1148 | D:2      | Reached skill level 2 in Fighting
  1148 | D:2      | Reached skill level 3 in Dodging
  1148 | D:2      | Reached XP level 4. HP: 21/30 MP: 4/4
  1148 | D:2      | Reached XP level 5. HP: 25/35 MP: 5/5
  1517 | D:2      | Identified the amulet of Accord {Reflect +Inv SH+5}
  1806 | D:3      | Found an iron altar of Okawaru.
  2093 | D:3      | You add the spells Passwall, Ensorcelled Hibernation and
                  | Swiftness to your library.
  2170 | D:3      | HP: 8/35 [sleepcap (19)]
  2171 | D:3      | HP: 2/35 [sleepcap (6)]
  2176 | D:3      | Reached skill level 4 in Unarmed Combat
  2523 | D:4      | Found a hazy altar of Hepliaklqana.
  2572 | D:4      | Reached skill level 4 in Shapeshifting
  2634 | D:4      | Reached XP level 6. HP: 33/41 MP: 6/6
  2686 | D:4      | Noticed Menkaure
  2765 | D:4      | Killed Menkaure
  2766 | D:4      | Reached skill level 3 in Fighting
  2934 | D:4      | HP: 10/42 [something (4)]
  2937 | D:4      | Reached skill level 4 in Dodging
  2937 | D:4      | Reached XP level 7. HP: 9/46 MP: 7/7
  3261 | D:5      | Entered Level 5 of the Dungeon
  3357 | D:5      | HP: 6/46 [ice beast (13)]
  3646 | D:4      | Reached skill level 4 in Fighting
  3646 | D:4      | Reached skill level 5 in Unarmed Combat
  3724 | D:4      | Identified a scroll of acquirement
  3766 | D:5      | HP: 12/48 [ice beast (13)]
  3963 | D:5      | Reached skill level 5 in Shapeshifting
  3963 | D:5      | Reached XP level 8. HP: 46/54 MP: 8/8
  4113 | D:5      | Found an opulent altar of Gozag.
  4178 | D:5      | Became a worshipper of Gozag Ym Sagoz the Greedy
  4334 | D:6      | Reached skill level 5 in Dodging
  4484 | D:6      | Identified the +5 mace of Meomuxokk {antimagic, rC- Str+5
                  | Int+8}
  4653 | D:6      | Reached skill level 5 in Fighting
  4718 | D:6      | HP: 13/55 [steam dragon] (7)]
  4720 | D:6      | HP: 6/55 [steam dragon] (3)]
  4921 | D:6      | HP: 10/55 [killer bee (10)]
  4928 | D:6      | HP: 10/55 [orc/+0 club (4)]
  4930 | D:6      | Reached skill level 6 in Unarmed Combat
  5236 | D:6      | Reached skill level 2 in Stealth
  5530 | D:7      | HP: 13/55 [gnoll/+0 spear[a gnoll bouda] (6)]
  5674 | D:7      | Found a basalt altar of Yredelemnul.
  5682 | D:7      | Found a shadowy altar of Dithmenos.
  5683 | D:7      | Found an ancient bone altar of Kikubaaqudgha.
  5683 | D:7      | Found a shimmering altar of Xom.
  5691 | D:7      | Reached XP level 9. HP: 52/61 MP: 9/9
  5724 | D:7      | Reached skill level 3 in Stealth
  5737 | D:7      | Found a flagged portal.
  5746 | Bailey   | Entered a bailey
  5771 | Bailey   | Reached skill level 6 in Shapeshifting
  6016 | Bailey   | Reached skill level 12 in Shapeshifting
  6016 | Bailey   | Reached XP level 10. HP: 66/66 MP: 10/10
  6037 | Bailey   | Reached skill level 6 in Dodging
  6037 | Bailey   | Reached skill level 4 in Stealth
  6402 | Bailey   | HP: 8/68 [orc warrior/+0 bardiche (22)]
  6739 | Bailey   | Reached skill level 5 in Stealth
  7339 | D:7      | Found a stormy altar of Qazlal.
  7339 | D:7      | Found a sacrificial altar of Ru.
  7382 | D:7      | HP: 14/68 [something (9)]
  7384 | D:7      | Slain by an unseen horror

Vanquished Creatures
  A steam dragon (D:6)
  Menkaure (D:4)
  9 orc warriors (Bailey)
  2 ice beasts
  A black bear (D:6)
  An ogre (D:6)
  4 phantoms
  A bullfrog (D:5)
  2 scorpions
  2 killer bees (D:6)
  4 howler monkeys (D:7)
  A hound (D:5)
  A jelly (D:6)
  4 orc priests
  A gnoll bouda (D:7)
  An iguana (D:4)
  2 sleepcaps
  5 orc wizards
  5 gnolls
  9 adders
  2 shadow imps
  3 white imps (D:6)
  An ufetubus (D:5)
  A dart slug (D:1)
  25 orcs
  6 ball pythons
  6 endoplasms
  A giant cockroach (D:4)
  10 goblins
  10 hobgoblins
  2 jackals (D:5)
  4 kobolds
  4 quokkas
  5 bats
  7 frilled lizards
  7 rats
151 creatures vanquished.

Table legend:
 A = Non-vault XP
 B = Vault XP
 C = Vault XP percentage of total XP
 D = Non-vault monster count
 E = Vault monster count
 F = Vault count percentage of total count
                 A         B        C        D         E       F
            +---------+---------+-------+---------+---------+-------
      Total |    2527 |    1560 |  38.2 |     115 |      36 |  23.8
            +---------+---------+-------+---------+---------+-------
        D:1 |      64 |       0 |   0.0 |      31 |       0 |   0.0
        D:2 |     151 |       1 |   0.7 |      14 |       1 |   6.7
        D:3 |      67 |      14 |  17.3 |      13 |       2 |  13.3
        D:4 |     251 |     165 |  39.7 |      11 |       1 |   8.3
        D:5 |     586 |       0 |   0.0 |      12 |       0 |   0.0
        D:6 |     841 |     129 |  13.3 |      15 |       5 |  25.0
        D:7 |     567 |       0 |   0.0 |      19 |       0 |   0.0
     Bailey |       0 |    1251 | 100.0 |       0 |      27 | 100.0
            +---------+---------+-------+---------+---------+-------

Skill      XL: |  1  2  3  4  5  6  7  8  9 10 |
---------------+-------------------------------+-----
Fighting       | 2 3 4 5 |  5.9
Dodging        | 3 4 5 6 |  6.2
Unarmed Combat | 4 5 6 |  6.7
Shapeshifting  | 4 5 12 | 12.4
Stealth        | 2 3 5 |  5.4

Action                     |  1- 3 |  4- 6 |  7- 9 | 10-12 || total
---------------------------+-------+-------+-------+-------++-------
  Melee: Unarmed           |    74 |    75 |   153 |    80 ||   382
         Constrict         |    19 |    17 |    29 |    19 ||    84
         Tentacles         |     8 |    13 |    37 |    18 ||    76
         Punch             |     2 |     2 |     9 |     3 ||    16
  Throw: Dart              |       |       |     4 |       ||     4
         Javelin           |       |       |     2 |       ||     2
Ability: Begin Untransform |       |       |       |     2 ||     2
    Use: Potion            |       |     2 |     4 |     2 ||     8
         Scroll            |       |       |    12 |       ||    12
   Stab: Sleeping          |     1 |    11 |     4 |       ||    16
 Armour: Skin              |     3 |     5 |     9 |     1 ||    18
  Dodge: Dodged            |    59 |    47 |   115 |    44 ||   265
  Block: Other             |       |    10 |    23 |     9 ||    42
   Form: Beast             |       |       |       |     1 ||     1
         Flux              |       |       |       |     1 ||     1

Illustrated notes

Table legend:
 A = Kills in this place as a percentage of kills in the entire game.
 B = Kills by you in this place as a percentage of kills by you in the entire game.
 C = Kills by friends in this place as a percentage of kills by friends in the entire game.
 D = Other kills in this place as a percentage of other kills in the entire game.
 E = Experience gained in this place as a percentage of experience gained in the entire game.
 F = Experience gained in this place divided by the number of levels of this place that you have seen.
                   A       B       C       D       E      F
               +-------+-------+-------+-------+-------+----------------------
         Total | 100.0 | 100.0 |   N/A |   N/A | 100.0 | 510.9
       Dungeon |  82.1 |  82.1 |   N/A |   N/A |  69.4 | 405.1
        Bailey |  17.9 |  17.9 |   N/A |   N/A |  30.6 | 1251.0
               +-------+-------+-------+-------+-------+----------------------

Table legend: (Time is in decaauts)
 A = Elapsed time spent in this place.
 B = Non-inter-level travel time spent in this place.
 C = Inter-level travel time spent in this place.
 D = Time resting spent in this place.
 E = Time spent auto-exploring this place.
 F = Levels seen in this place.
 G = Mean time per level.
                   A        B        C        D        E       F      G
               +--------+--------+--------+--------+--------+-----+--------+
         Total |   7357 |   7134 |    223 |   1429 |   4326 |   8 |  919.6 |
       Dungeon |   6311 |   6088 |    223 |   1023 |   4030 |   7 |  901.6 |
        Bailey |   1046 |   1046 |      0 |    406 |    296 |   1 | 1046.0 |
               +--------+--------+--------+--------+--------+-----+--------+

Top non-repeatable levels by time:
     D:6: 1246 daAuts
  Bailey: 1046 daAuts
     D:1: 987 daAuts
     D:4: 969 daAuts
     D:5: 890 daAuts
     D:3: 856 daAuts
     D:7: 681 daAuts
     D:2: 678 daAuts
